 Dungeon Crawl Stone Soup version 0.28-a0-1638-g9123634e07 (webtiles) character file.

Game seed: 15496826577810136077

37 fragbeetle the Chopper (level 3, -5/33 HPs)
             Began as a Hill Orc Cinder Acolyte on Jan 26, 2022.
             Was a High Priest of Ignis.
             Slain by a gnoll (11 damage)
             ... on level 1 of the Dungeon.
             The game lasted 00:02:45 (1988 turns).

fragbeetle the Chopper (Hill Orc Cinder Acolyte)    Turns: 1988, Time: 00:02:46

Health: -5/33      AC:  2    Str: 18    XL:     3   Next: 39%
Magic:  2/4        EV: 11    Int: 14    God:    Ignis [*****.]
Gold:   33         SH:  0    Dex:  6    Spells: 2/4 levels left

rFire   + . .      SeeInvis .   a - -1 hand axe (flame)
rCold   . . .      Faith    .   (no shield)
rNeg    . . .      Spirit   .   b - +0 robe
rPois   .          Reflect  .   (no helmet)
rElec   .          Harm     .   (no cloak)
rCorr   .          Rampage  .   (no gloves)
Will    .....                   (no boots)
Stlth   +.........              (no amulet)
HPRegen 0.11/turn               (no ring)
MPRegen 0.09/turn               (no ring)

@: no status effects
A: no striking features
a: Renounce Religion, Fiery Armour, Foxfire Swarm, Rising Flame


You were on level 1 of the Dungeon.
You worshipped Ignis.
Ignis was extremely pleased with you.
You visited 1 branch of the dungeon, and saw 2 of its levels.

You collected 33 gold pieces.

Inventory:

Hand Weapons
 a - a -1 hand axe of flaming (weapon)
Armour
 b - a +0 robe (worn)
 d - a +0 ring mail
Magical Staves
 e - a staff of death
 g - a staff of fire
Jewellery
 f - a ring of wizardry
Potions
 c - a potion of flight {unknown}


   Skills:
 + Level 3.9 Fighting
 * Level 4.6 Axes
 + Level 0.7 Armour
 + Level 1.1 Spellcasting
 * Level 3.8 Fire Magic


You had 2 spell levels left.
You knew the following spells:

 Your Spells              Type           Power      Damage    Failure   Level
a - Scorch                Fire           22%        2d6       9%          2

Your spell library contained the following spells:

 Spells                   Type           Power      Damage    Failure   Level


Dungeon Overview and Level Annotations

Branches:
Dungeon (2/15)

Altars:


Message History

* * * LOW HITPOINT WARNING * * *
The jackal bites you.
* * * LOW HITPOINT WARNING * * *
Casting: Scorch (safe; 9% risk of failure)
Confirm with . or Enter, or press ? or * to list all spells.
Flames lash the jackal.
You kill the jackal!
Unknown command.
Things that are here:
a +0 short sword; a kobold corpse
There is an open door here.
Things that are here:
a +0 short sword; 3 stones Magic restored.
HP restored.
Done exploring.
Done exploring.
(D) Dungeon
Where to? (Enter - D:1 @ (x,y), ? - help)
What level of the Dungeon? (default 1, ? - help)
There is a stone staircase leading down, spattered with blood here.
You climb downwards.
The gnoll shouts! x3
The gnoll misses you. The gnoll barely misses you.
There is a stone staircase leading up here.
There are monsters nearby!
The gnoll barely misses you. The gnoll hits you with a +0 flail.
You climb upwards.
There is a stone staircase leading down, spattered with blood here.
The gnoll hits you with a +0 flail! The gnoll hits you with a +0 whip!
You see here a +0 whip.
Casting: Scorch (safe; 9% risk of failure)
Confirm with . or Enter, or press ? or * to list all spells.
Flames lash the gnoll.
The gnoll is heavily wounded.
The gnoll's fire resistance burns away.
The gnoll hits you with a +0 whip!
* * * LOW HITPOINT WARNING * * *
The gnoll hits you with a +0 flail!
You die...

#.........(.#.#.......###.#
#.............#.....#......
#.............#...#.##..#.#
#.....#.........###.##.....
#....###..)...#####.##.....
#.....#...>..........+.....
#....###.............#.....
#...## ##)gg..#####..#.....
#....# #..@....# ##..####+#
######..## ##......#
#........# #...#..##
##.....# #........#
#..)..## ##....# #........#
#......# #.....###........#
##....## ##...##.....######
#...## ##..##.).### ##
##.## ##.#....# #. ###
###....# ###


You could see 2 gnolls.

Vanquished Creatures
  A gnoll (D:1)
  An endoplasm (D:1)
  A giant cockroach (D:1)
  4 goblins (D:1)
  4 hobgoblins (D:1)
  2 jackals (D:1)
  A quokka (D:1)
  4 ball pythons (D:1)
  A frilled lizard (D:1)
  4 kobolds (D:1)
  A rat (D:1)
24 creatures vanquished.

Notes
Turn   | Place    | Note
-------+----------+-------------------------------------------
     0 | D:1      | fragbeetle the Hill Orc Cinder Acolyte began the quest for
                  | the Orb.
     0 | D:1      | Reached XP level 1. HP: 19/19 MP: 2/2
   341 | D:1      | Reached XP level 2. HP: 27/27 MP: 3/3
   346 | D:1      | Learned a level 2 spell: Scorch
  1338 | D:1      | Reached XP level 3. HP: 2/33 MP: 1/4
  1988 | D:1      | Slain by a gnoll

Illustrated notes

Levels and vault maps discovered:
D:1:      dpeg_arrival_houses_and_road, layout_basic, nicolae_figureground_pulse
D:2:      layout_rooms, serial_shops, shop,
          nicolae_shop_temple_entry_statues_fountains, serial_corexii_hall,
          corexii_hall_statues_t, corexii_hall_statues_u, minmay_misc_feat_iff,
          uniq_natasha

Action                   || total
-------------------------++-------
Melee: Hand axe          ||    69
 Cast: Scorch            ||     5
Armor: Robe              ||    20
Dodge: Dodged            ||    58

Table legend: (Time is in decaauts)
 A = Elapsed time spent in this place.
 B = Non-inter-level travel time spent in this place.
 C = Inter-level travel time spent in this place.
 D = Time resting spent in this place.
 E = Time spent auto-exploring this place.
 F = Levels seen in this place.
 G = Mean time per level.
                   A        B        C        D        E       F      G
               +--------+--------+--------+--------+--------+-----+--------+
         Total |   1995 |   1936 |     59 |    270 |   1472 |   2 |  997.5 |
       Dungeon |   1995 |   1936 |     59 |    270 |   1472 |   2 |  997.5 |
               +--------+--------+--------+--------+--------+-----+--------+

Top non-repeatable levels by time:
     D:1: 1982 daAuts
     D:2: 13 daAuts
